AoeStats
← ska_18

Black Forest

507103125Analyzed
3v3 RM · 15d ago on Sep 16, 2026· 20m 16s· 6 players
Game mode
Random Map
Map size
Normal (6 player)
Population
200
Speed
Normal
Resources
Standard
Victory
Conquest
Starting age
Dark Age
Ending age
Imperial Age
RankedLock teamsTeams togetherTeam positionsShared explorationLock speedFull tech treeHidden civsTurbo modeCheats
Victory
Defeat
🇦🇹 Saracens · Austria
861
+14
🇮🇹 Spanish · Italy
801
+40
🇦🇷 Franks · Argentina
797
+16
🇳🇱 Vikings · Netherlands
853
-17
🇳🇱 Georgians · Netherlands
809
-16
🇪🇸 Bohemians · Spain
752
-13
Fil093829
0:31 Loom
18:57 Feudal Age
ska_18
1:00 Loom
14:19 Feudal Age
19:59 Castle Age
17:56 Double-Bit Axe
19:07 Horse Collar
Mr Cobb
0:27 Loom
12:18 Feudal Age
16:36 Stone Mining
17:06 Double-Bit Axe
21:03 Wheelbarrow
AadTheMoss
1:14 Loom
13:44 Feudal Age
14:42 Double-Bit Axe
14:46 Horse Collar
18:38 Wheelbarrow
lars.jak
2:18 Loom
12:39 Feudal Age
13:07 Man-at-Arms
13:33 Arson
18:22 Horse Collar
18:31 Double-Bit Axe
tanno_afca
13:24 Feudal Age
13:48 Horse Collar
13:57 Double-Bit Axe
19:53 Man-at-Arms
Connection lost

Rejoining the realm…

Still unreachable

The connection could not be restored.

Session expired

The server has moved on; the page needs a fresh start.